 Dungeon Crawl Stone Soup version 0.24.0-1-gfbc8707122 (webtiles) character file.

Game seed: 7723241681776694727, levelgen mode: deterministic

1185 Mrkan the Cudgeler (level 8, -8/51 HPs)
             Began as a Gargoyle Fighter on Oct 26, 2019.
             Was a Believer of Zin.
             Mangled by an ice beast (14 damage)
             ... on level 6 of the Dungeon.
             The game lasted 00:11:36 (6041 turns).

Mrkan the Cudgeler (Gargoyle Fighter)               Turns: 6041, Time: 00:11:36

Health: -8/51      AC: 13    Str: 19 (22) XL:     8   Next: 42%
Magic:  8/8        EV:  7    Int:  6 (9)  God:    Zin [**....]
Gold:   315        SH: 10    Dex:  7 (9)  Spells: 7/7 levels left

rFire    . . .     SeeInvis .   a - +0 flail
rCold    . . .     Gourm    .   c - +0 shield
rNeg     + . .     Faith    .   b - +0 scale mail
rPois    ∞         Spirit   .   e - +0 helmet
rElec    +         Reflect  .   (no cloak)
rCorr    .         Harm     .   (no gloves)
MR       .....                  (no boots)
Stlth    ..........             (no amulet)
HPRegen  0.17/turn              (no ring)
MPRegen  0.11/turn              (no ring)

@: no status effects
A: negative energy resistance 1, electricity resistance, unbreathing,
petrification resistance, rot immunity, AC +5
a: Recite, Vitalisation, Donate Gold, Renounce Religion


You were on level 6 of the Dungeon.
You worshipped Zin.
Zin was pleased with you.
You were not hungry.

You visited 1 branch of the dungeon, and saw 6 of its levels.

You collected 349 gold pieces.
You donated 34 gold pieces to Zin.

Inventory:

Hand Weapons
 a - a +0 flail (weapon)
Armour
 b - a +0 scale mail (worn)
 c - a +0 shield (worn)
 e - a +0 helmet (worn)
Jewellery
 k - an uncursed ring of positive energy {unknown}
 p - an uncursed ring of positive energy {unknown}
 v - an uncursed amulet of regeneration {unknown}
Scrolls
 g - a scroll of immolation {unknown}
 h - 4 scrolls of identify
 i - a scroll of random uselessness {unknown}
 l - 2 scrolls of enchant armour {unknown}
 n - 2 scrolls of teleportation {unknown}
 q - 4 scrolls of fear {unknown}
 t - 2 scrolls of remove curse {unknown}
 y - a scroll of amnesia {unknown}
Potions
 d - a potion of lignification
 j - 3 potions of haste
 m - 3 potions of flight
 o - a potion of berserk rage {unknown}
 r - 2 potions of heal wounds {unknown}
 s - 2 potions of curing {unknown}
 u - 2 potions of magic {unknown}
 w - a potion of brilliance
 x - a potion of mutation {unknown}
Comestibles
 f - 9 rations
 z - 5 chunks of flesh


   Skills:
 + Level 6.2 Fighting
 * Level 7.2 Maces & Flails
 - Level 3.2 Armour
 + Level 6.2 Shields


You had 7 spell levels left.
You didn't know any spells.
Your spell library was empty.

Dungeon Overview and Level Annotations

Branches:
Dungeon (6/15)             Temple (0/1) D:5

Altars:
Cheibriados
Elyvilon
Makhleb
Nemelex Xobeh
Trog
Zin

Shops:
D:5 (


Innate Abilities, Weirdness & Mutations

You are resistant to torment.
Your stone body is resilient. (AC +5)
You are immune to poison.
You resist negative energy. (rN+)
You are resistant to electric shocks. (rElec)
You can survive without breathing.
You are immune to petrification.
You are immune to rotting.


Message History

The ice beast hits you but does no damage.
You hit the ice beast but do no damage.
The ice beast is almost dead.
The ice beast hits you but does no damage.
You barely miss the ice beast.
The ice beast is almost dead.
You block the ice beast's attack.
Your shield and scale mail prevent you from hitting the ice beast.
The ice beast is almost dead.
The ice beast hits you. The ice beast freezes you!
* * * LOW HITPOINT WARNING * * *
You closely miss the ice beast.
The ice beast is almost dead.
The ice beast hits you but does no damage.
You closely miss the ice beast.
The ice beast is almost dead.
The ice beast hits you.
* * * LOW HITPOINT WARNING * * *
The ice beast freezes you!
You die...

####..#
#.######..###
#.....# #.##
#.##..# # ..#
#.##.## .. ...
#..#.###.# .# .#
##.......#.##.
###.###......
######.###...#..
.........@Y......
#######.#.....##.
#.....### .....##
##..### #..# #.##
##


You could see an ice beast.

Vanquished Creatures
  A phantom (D:5)
  An ogre (D:5)
  A centaur (D:5)
  A bullfrog (D:6)
  A scorpion (D:3)
  3 crimson imps
  A centaur zombie (D:5)
  2 bullfrog skeletons (D:5)
  A hound (D:4)
  A centaur skeleton (D:5)
  2 iguanas
  Natasha (thrice) (D:4)
  3 orc wizards
  4 worker ants
  A mummy (D:5)
  7 adders
  12 gnolls
  An ooze (D:2)
  A worm (D:3)
  A dart slug (D:3)
  6 leopard geckos
  5 orcs
  2 ball pythons
  5 giant cockroaches
  6 goblins
  11 hobgoblins
  7 bats
  8 frilled lizards
  4 kobolds
  A leopard gecko zombie (D:5)
  2 quokka skeletons
  3 rats
108 creatures vanquished.

Notes
Turn   | Place    | Note
-------+----------+-------------------------------------------
     0 | D:1      | Mrkan the Gargoyle Fighter began the quest for the Orb.
     0 | D:1      | Reached XP level 1. HP: 14/14 MP: 1/1
   298 | D:1      | Reached XP level 2. HP: 19/19 MP: 2/2
   729 | D:2      | Reached XP level 3. HP: 15/23 MP: 3/3
   859 | D:2      | Reached skill level 3 in Maces & Flails
  1359 | D:3      | Noticed a scorpion
  1370 | D:3      | Killed a scorpion
  1370 | D:3      | Reached XP level 4. HP: 25/29 MP: 4/4
  1445 | D:3      | Reached XP level 5. HP: 28/33 MP: 5/5
  1488 | D:3      | Reached skill level 4 in Maces & Flails
  1816 | D:3      | Found a glowing silver altar of Zin.
  2201 | D:3      | Became a worshipper of Zin the Law-Giver
  2201 | D:3      | Reached * piety under Zin
  2349 | D:4      | Reached XP level 6. HP: 35/39 MP: 6/6
  2359 | D:4      | Noticed Natasha
  2375 | D:4      | Killed Natasha
  3005 | D:4      | Noticed Natasha
  3062 | D:4      | Reached skill level 5 in Maces & Flails
  3072 | D:4      | Killed Natasha
  3350 | D:4      | Noticed Natasha
  3357 | D:4      | Killed Natasha
  3383 | D:4      | Found a bloodstained altar of Trog.
  3469 | D:4      | Found a white marble altar of Elyvilon.
  3514 | D:4      | Found a burning altar of Makhleb.
  3545 | D:5      | Entered Level 5 of the Dungeon
  3787 | D:5      | Reached skill level 5 in Fighting
  3787 | D:5      | Reached skill level 5 in Shields
  3792 | D:5      | Reached XP level 7. HP: 38/44 MP: 7/7
  4142 | D:5      | Reached ** piety under Zin
  4252 | D:5      | Reached skill level 6 in Maces & Flails
  4297 | D:5      | Found a sparkling altar of Nemelex Xobeh.
  4744 | D:5      | Reached XP level 8. HP: 49/51 MP: 8/8
  4763 | D:5      | Found a staircase to the Ecumenical Temple.
  5503 | D:5      | Found Piwkufaguv's Weapon Shop.
  5604 | D:5      | Found a snail-covered altar of Cheibriados.
  5613 | D:5      | Reached skill level 7 in Maces & Flails
  6041 | D:6      | Mangled by an ice beast

Levels and vault maps discovered:
D:1:      sevenhm_arrival_forest_fort_large_2, layout_rooms, minivault_19,
          minmay_tetromino_i4
D:2:      layout_basic, corexii_item_surrounded_by_moat
D:3:      layout_rooms, old_standard_altar, minmay_quadrilaterals
D:4:      layout_loops_ring, lemuel_doored_altar, elyvilon_altar_3,
          first_ration, minmay_misc_feat_secret_circle,
          trog_three_pillars_becter, uniq_natasha
D:5:      layout_basic, nemelex_xobeh_ov_fountains_minmay, slow_altar_2,
          minmay_temple_entry_arrows, serial_shops, shop, roderic_roman_lattice,
          kennysheep_generic_room_11
D:6:      layout_rooms

Skill      XL: |  1  2  3  4  5  6  7  8 |
---------------+-------------------------+-----
Maces & Flails | 3 4 5 6 7 |  7.2
Fighting       | 4 5 6 |  6.2
Shields        | 4 5 6 |  6.2
Armour         | |  3.2

Action                   |  1- 3 |  4- 6 |  7- 9 || total
-------------------------+-------+-------+-------++-------
Melee: Flail             |   153 |   275 |   239 ||   667
       Unarmed           |       |    12 |       ||    12
Invok: Recite            |       |       |     1 ||     1
  Use: Potion            |       |     2 |     1 ||     3
       Scroll            |       |       |     3 ||     3
  Eat: Chunk             |     1 |     6 |     4 ||    11
       Ration            |       |     1 |     1 ||     2
Armor: Scale mail        |   107 |   168 |    95 ||   370
       Skin              |       |    12 |       ||    12
Dodge: Dodged            |    57 |   101 |    57 ||   215
Block: Shield            |    96 |   139 |   128 ||   363
